 Dungeon Crawl Stone Soup version 0.32-a0-818-gb728d0252e (console) character file.

Game seed: 6736367689979408635

3020 jejorda2 the Spear-Bearer (level 9, 0/74 HPs)
             Began as a Gnoll Berserker on Mar 23, 2024.
             Was an Elder of Trog.
             Asphyxiated
             ... on level 8 of the Dungeon.
             The game lasted 00:13:51 (6715 turns).

jejorda2 the Spear-Bearer (Gnoll Berserker)         Turns: 6715, Time: 00:13:52

Health: 0/74       AC: 16    Str: 26    XL:     9   Next: 85%
Magic:  16/16      EV:  8    Int: 10    God:    Trog [****..]
Gold:   644        SH: 14    Dex: 12    Spells: 17/17 levels left

rFire   . . .        a - +1 trident (flame)
rCold   . . .        e - +2 tower shield
rNeg    + . .        d - +2 chain mail of Bad Feelings {Int+3}
rPois   .            (no helmet)
rElec   .            (no cloak)
rCorr   .            D - +0 pair of gloves
SInv    .            s - +1 pair of boots
Will    .....        i - amulet of faith Stlth
                     k - +6 ring of strength
HPRegen 0.32/turn    w - ring of positive energy
MPRegen 0.15/turn

%: faith
@: lethally poisoned (0 -> -16), about to teleport, on berserk cooldown, slowed,
very slow
A: fangs 1, strong nose, distributed training
a: Renounce Religion, Berserk, Trog's Hand, Brothers in Arms


You were on level 8 of the Dungeon.
You worshipped Trog.
Trog was greatly pleased with you.
You visited 1 branch of the dungeon, and saw 8 of its levels.

You collected 1056 gold pieces.
You spent 412 gold pieces at shops.

Inventory:

Hand Weapons
 a - a +1 trident of flaming (weapon)
 t - the +4 rapier of Beogh, Holding {pain, rElec rF+}
   (You found it on level 3 of the Dungeon)

   rF+:       It protects you from fire.
   rElec:     It insulates you from electricity.
Missiles
 h - 8 javelins
 u - 17 poisoned darts (quivered)
 B - a throwing net
Armour
 d - the +2 chain mail of Bad Feelings (worn) {Int+3}
   (You bought it in a shop on level 4 of the Dungeon)

   Int+3:     It affects your intelligence (+3).
 e - a +2 tower shield (worn)
 s - a +1 pair of boots (worn)
 D - a +0 pair of gloves (worn)
Jewellery
 i - an amulet of faith (around neck)
 k - a +6 ring of strength (left hand)
 l - a ring of fire
 w - a ring of positive energy (right hand)
Wands
 j - a wand of paralysis (12)
 r - a wand of flame (17)
 v - a wand of mindburst (19)
 E - a wand of digging (11)
Scrolls
 b - 2 scrolls of vulnerability
 c - a scroll of brand weapon
 g - 6 scrolls of teleportation
 m - a scroll of summoning
 n - a scroll of fear
 o - a scroll of enchant weapon
 p - a scroll of silence
 q - 6 scrolls of immolation
 y - a scroll of revelation
 A - 5 scrolls of identify
Potions
 f - 4 potions of attraction
 x - 2 potions of curing
 z - a potion of haste
 C - a potion of heal wounds


   Skills:
 + Level 8.2 Fighting
 + Level 4.8 Short Blades
 + Level 4.8 Long Blades
 + Level 4.8 Axes
 + Level 4.8 Maces & Flails
 + Level 8.2 Polearms
 + Level 4.8 Staves
 + Level 4.8 Ranged Weapons
 + Level 4.8 Throwing
 + Level 6.7 Armour
 + Level 6.7 Dodging
 + Level 4.8 Stealth
 + Level 4.8 Shields
 + Level 4.8 Unarmed Combat
 + Level 4.8 Spellcasting
 + Level 4.0 Conjurations
 + Level 4.0 Hexes
 + Level 4.0 Summonings
 + Level 4.0 Necromancy
 + Level 4.0 Translocations
 + Level 4.0 Fire Magic
 + Level 4.0 Ice Magic
 + Level 4.0 Air Magic
 + Level 4.0 Earth Magic
 + Level 4.0 Alchemy
 + Level 5.3 Invocations
 + Level 4.8 Evocations
 + Level 4.4 Shapeshifting


You had 17 spell levels left.
You didn't know any spells.
Your spell library was empty.

Dungeon Overview and Level Annotations

Branches:
Dungeon (8/15)             Temple (0/1) D:4
   Lair: D:8-11

Altars:
Ashenzari
Gozag
Ru
Beogh

Shops:
D:3 ?   D:4 [   D:7 *


Innate Abilities, Weirdness & Mutations

You have very sharp teeth.
Your uncanny sense of smell can sniff out nearby items.
Your experience applies equally to all skills.


Message History

You feel yourself slow down.
Your skin stops crawling.
You feel less strong-willed.
There is an open door, spattered with blood here.
A centaur comes into view.
The centaur wields a +0 orcbow.
The centaur shoots an arrow.
The arrow barely misses you.
The centaur shoots an arrow.
The arrow barely misses you.
There is an open door, spattered with blood here.
A lemure comes into view.
The centaur shoots an arrow.
The arrow hits you but does no damage.
A kobold comes into view. It is wielding a +0 whip.
The kobold shouts!
u - 17 poisoned darts (gained 6)
Items here: ))) [ †.
You hear a shout!
Something hits you!
* * * LOW HITPOINT WARNING * * *
Deactivating autopickup; reactivate with Ctrl-A.
The centaur shoots an arrow.
You block the arrow.
An orc priest comes into view. It is wielding a +0 club.
A kobold brigand comes into view.
It is wielding a +0 dagger and quivering curare-tipped darts.
An orc warrior comes into view.
It is wielding a +0 battleaxe and wearing a +1 chain mail of fire resistance.
Unknown command.
Unknown command.
You close the door.
The kobold brigand shouts!
The orc priest shouts!
You hear a shout! x3
You block something's attack.
The kobold brigand throws a curare-tipped dart.
You block the curare-tipped dart.
The centaur shoots an arrow.
The arrow hits you but does no damage.
Unknown command.
As you read the scroll of teleportation, it crumbles to dust.
You feel strangely unstable. Something hits you.
* * * LOW HITPOINT WARNING * * *
The centaur shoots an arrow.
You block the arrow.
The kobold brigand throws a curare-tipped dart.
The curare-tipped dart hits you.
You are lethally poisoned!
You have difficulty breathing.
You die...

........#.......#
........#.......#
........#.......#
#..##...#.......###
#..##...##'##.....#
............#.....#
............#....{#
............#.....# #
#..##..###+##.))@.#######'#
#..###+##...###+#..........
.......#........#..........
.......#........#.5........
.......#........#cK.......o
.......#.......c'..........
.......#........#....ooK...
.......#........#..........
.......#........#..........


You could see an orc warrior, a kobold brigand, a lemure, a centaur, an orc
priest and a kobold.

Vanquished Creatures
  An ugly thing (D:8)
  Sigmund (D:2)
  2 water moccasins
  An orc warrior (D:7)
  4 sky beasts
  2 ogres (D:5)
  2 centaurs
  A phantom (D:7)
  3 bullfrogs
  2 scorpions (D:5)
  3 wights (D:7)
  3 howler monkeys
  2 bombardier beetles
  3 hounds
  A jelly (D:6)
  6 orc priests
  A gnoll bouda (D:7)
  3 orc wizards
  A sleepcap (D:4)
  4 iguanas
  8 adders
  4 gnolls (D:7)
  A shadow imp (D:6)
  2 white imps
  3 dart slugs
  28 orcs
  6 ball pythons
  6 endoplasms
  3 giant cockroaches
  4 goblins
  7 hobgoblins
  2 jackals (D:2)
  8 quokkas
  A ball python zombie (D:2)
  11 bats
  3 frilled lizards
  A giant cockroach zombie (D:2)
  6 kobolds
  6 rats
156 creatures vanquished.

Notes
Turn   | Place    | Note
-------+----------+-------------------------------------------
     0 | D:1      | jejorda2 the Gnoll Berserker began the quest for the Orb.
     0 | D:1      | Reached XP level 1. HP: 23/23 MP: 1/1
   185 | D:1      | Reached XP level 2. HP: 29/29 MP: 2/2
   365 | D:1      | Found a roughly hewn altar of Beogh.
   392 | D:1      | Found a faded altar of an unknown god.
  1048 | D:2      | Reached XP level 3. HP: 35/35 MP: 3/3
  1096 | D:2      | Reached skill level 1 in Invocations
  1265 | D:2      | Reached skill level 1 in Short Blades
  1265 | D:2      | Reached skill level 1 in Long Blades
  1265 | D:2      | Reached skill level 1 in Axes
  1265 | D:2      | Reached skill level 1 in Maces & Flails
  1265 | D:2      | Reached skill level 1 in Staves
  1265 | D:2      | Reached skill level 1 in Ranged Weapons
  1265 | D:2      | Reached skill level 1 in Throwing
  1265 | D:2      | Reached skill level 1 in Stealth
  1265 | D:2      | Reached skill level 1 in Shields
  1265 | D:2      | Reached skill level 1 in Unarmed Combat
  1265 | D:2      | Reached skill level 1 in Spellcasting
  1265 | D:2      | Reached skill level 1 in Evocations
  1287 | D:2      | Reached ** piety under Trog
  1334 | D:2      | Reached skill level 1 in Shapeshifting
  1334 | D:2      | Reached XP level 4. HP: 35/41 MP: 5/5
  1557 | D:2      | Reached skill level 1 in Conjurations
  1557 | D:2      | Reached skill level 1 in Hexes
  1557 | D:2      | Reached skill level 1 in Summonings
  1557 | D:2      | Reached skill level 1 in Necromancy
  1557 | D:2      | Reached skill level 1 in Translocations
  1557 | D:2      | Reached skill level 1 in Fire Magic
  1557 | D:2      | Reached skill level 1 in Ice Magic
  1557 | D:2      | Reached skill level 1 in Air Magic
  1557 | D:2      | Reached skill level 1 in Earth Magic
  1557 | D:2      | Reached skill level 1 in Alchemy
  1868 | D:2      | Noticed Sigmund
  1878 | D:2      | Killed Sigmund
  1879 | D:2      | Reached XP level 5. HP: 47/47 MP: 5/7
  1879 | D:2      | Reached XP level 6. HP: 53/53 MP: 5/8
  2024 | D:3      | Reached skill level 5 in Armour
  2024 | D:3      | Reached skill level 5 in Dodging
  2230 | D:3      | Identified the +4 rapier of Beogh, Holding {pain, rElec
                  | rF+}
  2757 | D:3      | Reached *** piety under Trog
  3019 | D:3      | Found Huthoreo's Magic Scroll Emporium.
  3024 | D:3      | Bought a scroll of revelation for 75 gold pieces
  3024 | D:3      | Bought a scroll of teleportation for 30 gold pieces
  3024 | D:3      | Bought 3 scrolls of identify for 60 gold pieces
  3194 | D:4      | Reached XP level 7. HP: 53/60 MP: 10/10
  3266 | D:4      | Found a broken altar of Ashenzari.
  3362 | D:4      | Found Ganot's Antique Armour Shop.
  3492 | D:4      | Found a staircase to the Ecumenical Temple.
  3576 | D:5      | Entered Level 5 of the Dungeon
  3609 | D:4      | Identified a scroll of acquirement
  3609 | D:4      | Acquired 629 gold pieces
  3634 | D:4      | Bought a translucent chain mail for 247 gold pieces
  3634 | D:4      | Identified the +2 chain mail of Bad Feelings {Int+3} (You
                  | bought it in a shop on level 4 of the Dungeon)
  4126 | D:5      | Reached XP level 8. HP: 66/67 MP: 12/12
  5148 | D:6      | Reached **** piety under Trog
  5498 | D:6      | Reached XP level 9. HP: 73/73 MP: 14/14
  5783 | D:7      | Found an opulent altar of Gozag.
  5812 | D:7      | Found Gozag's Platinum Reserve.
  5960 | D:7      | Found a sacrificial altar of Ru.
  6497 | D:8      | Reached skill level 5 in Invocations
  6675 | D:8      | Noticed a white ugly thing
  6696 | D:8      | Killed a white ugly thing
  6715 | D:8      | Asphyxiated

Illustrated notes

Levels and vault maps discovered:
D:1:      shiori_arrival_maze, layout_loops_corners,
          hellmonk_ecumenical_altar_defaced_shrine, kennysheep_minor_cross,
          dreamdust_princess_corridor
D:2:      minmay_chambers_of_twos, layout_loops_cross, serial_undead,
          serial_undead_c, serial_undead_f, serial_undead_b, serial_undead_b,
          grunt_decor_junction, uniq_sigmund
D:3:      layout_basic, serial_shops, shop
D:4:      layout_rooms, lemuel_tele_altar, temple_hall, serial_shops, shop
D:5:      layout_basic, hangedman_abyss_or_decor_lesser_grid
D:6:      layout_loops_ring
D:7:      layout_basic, nicolae_gozag_zags_fifth_avenue,
          mainiacjoe_overflow_paths
D:8:      layout_gridville, grunt_ministairs_2, uniq_prince_ribbit1, uniq_erica,
          uniq_pikel

Skill      XL: |  1  2  3  4  5  6  7  8  9 |
---------------+----------------------------+-----
Invocations    | 1 2 3 4 5 |  5.3
Short Blades   | 1 2 3 4 |  4.8
Long Blades    | 1 2 3 4 |  4.8
Axes           | 1 2 3 4 |  4.8
Maces & Flails | 1 2 3 4 |  4.8
Staves         | 1 2 3 4 |  4.8
Ranged Weapons | 1 2 3 4 |  4.8
Throwing       | 1 2 3 4 |  4.8
Stealth        | 1 2 3 4 |  4.8
Shields        | 1 2 3 4 |  4.8
Unarmed Combat | 1 2 3 4 |  4.8
Spellcasting   | 1 2 3 4 |  4.8
Evocations     | 1 2 3 4 |  4.8
Shapeshifting  | 1 2 3 4 |  4.4
Conjurations   | 1 2 3 4 |  4.0
Hexes          | 1 2 3 4 |  4.0
Summonings     | 1 2 3 4 |  4.0
Necromancy     | 1 2 3 4 |  4.0
Translocations | 1 2 3 4 |  4.0
Fire Magic     | 1 2 3 4 |  4.0
Ice Magic      | 1 2 3 4 |  4.0
Air Magic      | 1 2 3 4 |  4.0
Earth Magic    | 1 2 3 4 |  4.0
Alchemy        | 1 2 3 4 |  4.0
Armour         | 5 6 |  6.7
Dodging        | 5 6 |  6.7
Fighting       | 7 8 |  8.2
Polearms       | 7 8 |  8.2

Action                     |  1- 3 |  4- 6 |  7- 9 || total
---------------------------+-------+-------+-------++-------
  Melee: Spear             |   120 |   145 |       ||   265
         Bite              |     8 |    12 |    25 ||    45
         Morningstar       |       |    24 |    21 ||    45
         Trident           |       |       |   245 ||   245
  Throw: Javelin           |       |       |     2 ||     2
         Dart              |       |       |     4 ||     4
 Invoke: Berserk           |     1 |     2 |     3 ||     6
         Trog's Hand       |       |       |     2 ||     2
    Use: Scroll            |       |     5 |    12 ||    17
   Stab: Sleeping          |     4 |     2 |       ||     6
         Distracted        |     1 |       |       ||     1
 Armour: Animal skin       |    51 |     8 |       ||    59
         Ring mail         |       |    24 |    18 ||    42
         Chain mail        |       |       |   143 ||   143
  Dodge: Dodged            |    34 |    39 |    71 ||   144
  Block: Tower shield      |    60 |    83 |   208 ||   351

Table legend: (Time is in decaauts)
 A = Elapsed time spent in this place.
 B = Non-inter-level travel time spent in this place.
 C = Inter-level travel time spent in this place.
 D = Time resting spent in this place.
 E = Time spent auto-exploring this place.
 F = Levels seen in this place.
 G = Mean time per level.
                   A        B        C        D        E       F      G
               +--------+--------+--------+--------+--------+-----+--------+
         Total |   6842 |   6652 |    190 |    145 |   5294 |   8 |  855.2 |
       Dungeon |   6842 |   6652 |    190 |    145 |   5294 |   8 |  855.2 |
               +--------+--------+--------+--------+--------+-----+--------+

Top non-repeatable levels by time:
     D:5: 1162 daAuts
     D:3: 1089 daAuts
     D:1: 1045 daAuts
     D:2: 995 daAuts
     D:7: 846 daAuts
     D:6: 750 daAuts
     D:4: 647 daAuts
     D:8: 306 daAuts
